[ AOE2 MATCH · #468124166 ]
UnrankedBritons vs Teutons
Player's team · LOSS
Rival team · WIN
[ REPLAY ANALYSIS · EXTRACTED FROM THE RECORDED GAME ]
Feudal
9:00
Castle
22:53
Imperial
—
| APM avg | 35.1 |
| APM peak | 62 |
| eAPM avg | 17.3 |
| Villagers / military | 78 / 138 |
Focus
⚔️ 33.5% · 🌾 66.5%
Spearman ×101 · Archer ×31 · Militia ×4 · Skirmisher ×2
Feudal
14:22
Castle
26:18
Imperial
—
| APM avg | 18.1 |
| APM peak | 34 |
| eAPM avg | 10.5 |
| Villagers / military | 74 / 21 |
Focus
⚔️ 21.5% · 🌾 78.5%
Scout Cavalry ×10 · Cavalry Archer ×4 · Monk ×3 · Militia ×2 · Battering Ram ×2
Match map
Initial resources + every placement click. Lines = walls · curves = elevation contours. ◆ gold · ⬟ stone · ● berries · ✦ relic · ◌ wall gap
Your base· ✓ Closed at 22:53 · 52t walls · no gate
Whitemess207's base· Open — opponent sealed themselves in
Smoothed initial terrain · ◌ = detected wall gap · hover for details
Inputs per minute
— willemartin - - Whitemess207
Build order — willemartin
First 150 of 307 actions detected
| 0:00 | Create | Villager (Male) |
| 0:00 | Create | Villager (Male) |
| 0:01 | Create | Villager (Male) |
| 0:01 | Create | Villager (Male) |
| 0:01 | Create | Villager (Male) |
| 0:03 | Build | House |
| 0:05 | Build | House |
| 1:20 | Create | Villager (Male) |
| 1:45 | Build | Lumber Camp |
| 1:54 | Create | Villager (Male) |
| 2:26 | Create | Villager (Male) |
| 2:26 | Create | Villager (Male) |
| 2:33 | Create | Villager (Male) |
| 3:05 | Create | Villager (Male) |
| 3:18 | Create | Villager (Male) |
| 3:49 | Build | House |
| 3:50 | Create | Villager (Male) |
| 4:14 | Build | Mill |
| 4:31 | Create | Villager (Male) |
| 4:37 | Create | Villager (Male) |
| 5:02 | Create | Villager (Male) |
| 5:47 | Create | Villager (Male) |
| 6:15 | Research | Loom |
| 6:45 | Build | Lumber Camp |
| 6:50 | Research | Feudal Age |
| 7:26 | Build | House |
| 7:44 | Build | Mining Camp |
| 8:13 | Build | Palisade Wall |
| 8:14 | Create | Villager (Male) |
| 8:54 | Create | Villager (Male) |
| 9:00 | Age | Feudal Age |
| 9:22 | Build | Barracks |
| 9:23 | Create | Villager (Male) |
| 9:54 | Create | Villager (Male) |
| 10:07 | Build | Archery Range |
| 10:08 | Create | Villager (Male) |
| 10:32 | Build | House |
| 10:41 | Build | Palisade Wall |
| 10:42 | Create | Villager (Male) |
| 11:01 | Build | Archery Range |
| 11:02 | Create | Villager (Male) |
| 11:38 | Research | Horse Collar |
| 11:42 | Create | Archer |
| 11:43 | Create | Archer |
| 11:43 | Create | Archer |
| 11:43 | Create | Archer |
| 11:44 | Create | Archer |
| 11:55 | Build | House |
| 11:56 | Create | Villager (Male) |
| 12:10 | Build | Blacksmith |
| 12:12 | Create | Villager (Male) |
| 12:18 | Create | Villager (Male) |
| 12:34 | Build | Palisade Wall |
| 12:41 | Build | Farm |
| 12:46 | Build | Farm |
| 12:55 | Build | Farm |
| 12:55 | Create | Villager (Male) |
| 13:09 | Build | House |
| 13:16 | Build | House |
| 13:20 | Build | Farm |
| 13:23 | Create | Archer |
| 13:24 | Create | Archer |
| 13:24 | Create | Archer |
| 13:54 | Create | Villager (Male) |
| 13:54 | Create | Villager (Male) |
| 14:01 | Build | Farm |
| 14:29 | Build | House |
| 14:33 | Build | Palisade Wall |
| 14:34 | Create | Villager (Male) |
| 14:36 | Build | Farm |
| 14:50 | Create | Archer |
| 14:50 | Create | Archer |
| 14:51 | Create | Archer |
| 15:06 | Build | Farm |
| 15:11 | Create | Villager (Male) |
| 15:23 | Build | Palisade Wall |
| 15:25 | Create | Villager (Male) |
| 15:33 | Create | Archer |
| 15:43 | Build | Farm |
| 15:45 | Create | Villager (Male) |
| 15:50 | Create | Archer |
| 15:51 | Create | Archer |
| 16:08 | Build | Farm |
| 16:09 | Create | Villager (Male) |
| 16:11 | Create | Archer |
| 16:33 | Build | Farm |
| 16:35 | Create | Villager (Male) |
| 16:45 | Create | Villager (Male) |
| 16:54 | Build | Farm |
| 17:00 | Build | Farm |
| 17:07 | Build | Farm |
| 17:16 | Build | House |
| 17:20 | Build | House |
| 17:27 | Build | Farm |
| 17:28 | Create | Villager (Male) |
| 17:56 | Create | Villager (Male) |
| 17:56 | Create | Villager (Male) |
| 17:58 | Build | Farm |
| 17:59 | Create | Villager (Male) |
| 18:30 | Build | Farm |
| 18:31 | Create | Villager (Male) |
| 18:31 | Create | Villager (Male) |
| 18:37 | Build | House |
| 18:39 | Build | House |
| 18:40 | Create | Villager (Male) |
| 18:55 | Build | Farm |
| 19:07 | Build | Farm |
| 19:12 | Create | Archer |
| 19:12 | Create | Archer |
| 19:13 | Create | Archer |
| 19:14 | Create | Archer |
| 19:16 | Create | Archer |
| 19:26 | Build | Farm |
| 19:29 | Build | Farm |
| 19:35 | Build | Farm |
| 19:55 | Build | House |
| 20:13 | Research | Castle Age |
| 20:20 | Build | Farm |
| 20:28 | Create | Spearman |
| 20:29 | Create | Spearman |
| 20:29 | Create | Spearman |
| 20:29 | Create | Spearman |
| 20:38 | Build | Barracks |
| 20:53 | Build | Farm |
| 21:05 | Create | Spearman |
| 21:05 | Create | Spearman |
| 21:05 | Create | Spearman |
| 21:13 | Research | Scale Mail Armor |
| 21:20 | Create | Spearman |
| 21:21 | Create | Spearman |
| 21:28 | Build | House |
| 21:30 | Create | Villager (Male) |
| 21:34 | Build | Farm |
| 21:46 | Build | Farm |
| 21:57 | Create | Militia |
| 21:58 | Create | Militia |
| 21:58 | Create | Militia |
| 21:58 | Create | Militia |
| 21:58 | Create | Spearman |
| 21:59 | Create | Spearman |
| 22:14 | Build | House |
| 22:22 | Build | House |
| 22:33 | Create | Spearman |
| 22:34 | Create | Spearman |
| 22:34 | Create | Spearman |
| 22:34 | Create | Spearman |
| 22:34 | Create | Spearman |
| 22:34 | Create | Spearman |
| 22:35 | Create | Spearman |
| 22:50 | Create | Villager (Male) |
Build order — Whitemess207
First 150 of 178 actions detected
| 0:02 | Research | Loom |
| 0:02 | Create | Villager (Male) |
| 0:02 | Create | Villager (Male) |
| 0:03 | Create | Villager (Male) |
| 0:05 | Build | House |
| 0:08 | Build | House |
| 1:55 | Create | Villager (Male) |
| 1:55 | Create | Villager (Male) |
| 2:24 | Build | Lumber Camp |
| 3:16 | Create | Villager (Male) |
| 3:17 | Create | Villager (Male) |
| 3:17 | Create | Villager (Male) |
| 3:17 | Create | Villager (Male) |
| 4:29 | Build | Mill |
| 4:48 | Create | Villager (Male) |
| 4:49 | Create | Villager (Male) |
| 4:49 | Create | Villager (Male) |
| 5:32 | Build | House |
| 5:37 | Create | Villager (Male) |
| 5:37 | Create | Villager (Male) |
| 5:59 | Create | Villager (Male) |
| 5:59 | Create | Villager (Male) |
| 6:46 | Create | Villager (Male) |
| 6:47 | Create | Villager (Male) |
| 6:47 | Create | Villager (Male) |
| 7:03 | Build | House |
| 7:05 | Build | House |
| 7:07 | Build | House |
| 8:15 | Create | Villager (Male) |
| 8:22 | Create | Villager (Male) |
| 8:22 | Create | Villager (Male) |
| 8:52 | Build | Barracks |
| 9:00 | Create | Villager (Male) |
| 9:01 | Create | Villager (Male) |
| 9:11 | Create | Villager (Male) |
| 9:12 | Create | Villager (Male) |
| 9:43 | Build | Farm |
| 9:51 | Build | Farm |
| 10:12 | Create | Militia |
| 10:12 | Create | Militia |
| 10:25 | Build | Farm |
| 10:30 | Build | Farm |
| 10:32 | Build | Farm |
| 10:34 | Create | Villager (Male) |
| 10:35 | Create | Villager (Male) |
| 11:06 | Create | Villager (Male) |
| 11:06 | Create | Villager (Male) |
| 11:15 | Build | Farm |
| 11:19 | Build | Farm |
| 11:35 | Create | Villager (Male) |
| 11:40 | Build | Farm |
| 11:58 | Build | Farm |
| 12:00 | Create | Villager (Male) |
| 12:03 | Build | Farm |
| 12:07 | Create | Villager (Male) |
| 12:12 | Research | Feudal Age |
| 12:42 | Create | Villager (Male) |
| 12:42 | Create | Villager (Male) |
| 12:45 | Create | Villager (Male) |
| 12:55 | Build | Mining Camp |
| 13:58 | Build | Farm |
| 13:58 | Build | Farm |
| 13:58 | Build | Farm |
| 13:58 | Build | Farm |
| 13:59 | Build | Farm |
| 13:59 | Build | Farm |
| 14:22 | Age | Feudal Age |
| 14:37 | Build | Stable |
| 14:46 | Build | Blacksmith |
| 14:54 | Research | Double-Bit Axe |
| 14:56 | Research | Horse Collar |
| 14:58 | Create | Villager (Male) |
| 14:58 | Create | Villager (Male) |
| 15:32 | Build | House |
| 15:33 | Build | House |
| 15:34 | Build | House |
| 15:36 | Build | House |
| 15:40 | Build | House |
| 15:41 | Build | House |
| 15:53 | Build | Watch Tower |
| 15:57 | Create | Scout Cavalry |
| 15:58 | Create | Scout Cavalry |
| 15:58 | Create | Scout Cavalry |
| 15:58 | Create | Scout Cavalry |
| 15:58 | Create | Scout Cavalry |
| 15:59 | Create | Scout Cavalry |
| 15:59 | Create | Scout Cavalry |
| 15:59 | Create | Scout Cavalry |
| 16:14 | Research | Forging |
| 16:20 | Research | Scale Barding Armor |
| 16:27 | Build | Farm |
| 16:53 | Build | Stone Wall |
| 17:08 | Research | Gold Mining |
| 17:10 | Create | Villager (Male) |
| 17:10 | Create | Villager (Male) |
| 17:10 | Create | Villager (Male) |
| 17:11 | Create | Villager (Male) |
| 17:38 | Research | Bloodlines |
| 17:41 | Research | Town Watch |
| 17:57 | Build | Market |
| 18:46 | Research | Wheelbarrow |
| 18:59 | Create | Scout Cavalry |
| 18:59 | Create | Scout Cavalry |
| 19:26 | Build | Farm |
| 19:33 | Create | Villager (Male) |
| 19:34 | Create | Villager (Male) |
| 19:34 | Create | Villager (Male) |
| 19:59 | Build | Stone Wall |
| 20:02 | Build | Gate |
| 20:32 | Build | Stone Wall |
| 20:47 | Build | Stone Wall |
| 20:56 | Build | Gate |
| 21:13 | Create | Villager (Male) |
| 21:18 | Build | Mining Camp |
| 21:40 | Build | Farm |
| 21:41 | Build | Farm |
| 21:43 | Build | Farm |
| 21:49 | Build | House |
| 23:05 | Build | Farm |
| 23:18 | Build | Lumber Camp |
| 23:36 | Create | Villager (Male) |
| 23:38 | Research | Castle Age |
| 24:15 | Create | Villager (Male) |
| 24:16 | Create | Villager (Male) |
| 24:16 | Create | Villager (Male) |
| 24:20 | Build | Farm |
| 24:25 | Research | Stone Mining |
| 25:14 | Research | Fletching |
| 25:15 | Research | Padded Archer Armor |
| 26:18 | Age | Castle Age |
| 26:23 | Create | Villager (Male) |
| 26:23 | Create | Villager (Male) |
| 26:28 | Research | Bow Saw |
| 26:35 | Research | Heavy Plow |
| 26:57 | Build | Town Center |
| 27:30 | Build | Monastery |
| 27:41 | Research | Stone Shaft Mining |
| 28:13 | Build | Archery Range |
| 28:21 | Create | Monk |
| 28:29 | Create | Villager (Male) |
| 28:30 | Create | Villager (Male) |
| 28:30 | Create | Villager (Male) |
| 28:30 | Create | Villager (Male) |
| 28:36 | Create | Villager (Male) |
| 28:36 | Create | Villager (Male) |
| 28:36 | Create | Villager (Male) |
| 28:37 | Create | Villager (Male) |
| 28:37 | Create | Villager (Male) |
| 29:48 | Build | Siege Workshop |
| 30:09 | Build | Farm |
Match timeline
| 8:13 | willemartin · wall_segment Palisade Wall x15 |
| 8:52 | Whitemess207 · first_building Barracks |
| 9:00 | willemartin · age_up feudal |
| 9:22 | willemartin · first_building Barracks |
| 10:07 | willemartin · first_building Archery Range |
| 10:41 | willemartin · wall_segment Palisade Wall x8 |
| 12:34 | willemartin · wall_segment Palisade Wall x15 |
| 14:22 | Whitemess207 · age_up feudal |
| 14:33 | willemartin · wall_segment Palisade Wall x13 |
| 14:37 | Whitemess207 · first_building Stable |
| 15:23 | willemartin · wall_segment Palisade Wall x1 |
| 16:53 | Whitemess207 · wall_segment Stone Wall x22 |
| 19:52 | Whitemess207 · first_market_buy 100 stone |
| 19:59 | Whitemess207 · wall_segment Stone Wall x20 |
| 20:32 | Whitemess207 · wall_segment Stone Wall x24 |
| 20:35 | Whitemess207 · first_market_sell 100 food |
| 20:47 | Whitemess207 · wall_segment Stone Wall x6 |
| 22:53 | willemartin · age_up castle |
| 24:29 | willemartin · wall_segment Palisade Wall x1 |
| 26:18 | Whitemess207 · age_up castle |
| 27:30 | Whitemess207 · first_building Monastery |
| 28:13 | Whitemess207 · first_building Archery Range |
| 29:48 | Whitemess207 · first_building Siege Workshop |
| 32:16 | Whitemess207 · first_building Castle |
| 33:51 | willemartin · resign |
[ AI ANALYSIS · 1 CREDIT ]
What really happened in this match?
Wolo.gg analyzes every decision: build order, eco, micro, common mistakes by bracket. Personalized analysis on WhatsApp or Discord in 30 seconds.
Civ guide
Britons
Perfil
willemartin